[Event "ICCopen2017"]
[Site "Internet Chess Club"]
[Date "2017.03.25"]
[Round "11"]
[White "PITCHUS"]
[Black "Magagna"]
[Result "1-0"]
[ICCResult "Black resigns"]
[WhiteElo "1785"]
[BlackElo "1645"]
[Opening "Réti opening"]
[ECO "A05"]
[NIC "QP.11"]
[Time "16:09:35"]
[TimeControl "180+0"]

1. Nf3 Nf6 2. g3 d5 3. Bg2 g6 4. c4 dxc4 5. Qa4+ Bd7 6. Qxc4 Bc6 7. Ne5 Bd5
8. Qb5+ c6 9. Qxb7 Bxg2 10. Rg1 Nbd7 11. Nxd7 Nxd7 12. Rxg2 Rb8 13. Qxa7 Bg7
14. Nc3 O-O 15. Qa4 Qb6 16. d3 Nc5 17. Qc2 Ne6 18. Rb1 Nd4 19. Qd1 Rfd8 20.
Be3 Qb4 21. Kf1 Nf5 22. Bd2 Qd4 23. Qa4 Qxa4 24. Nxa4 Rb5 25. b3 Nd4 26. Rc1
Rc8 27. Bc3 c5 28. Bxd4 Bxd4 29. e3 Be5 30. d4 cxd4 31. Rxc8+ Kg7 32. exd4
Bxd4 33. Ke2 Rd5 34. Nc3 Bxc3 35. Rxc3 Re5+ 36. Re3 f5 37. Rxe5 {Black
resigns} 1-0

[Event "ICCopen2017"]
[Site "Internet Chess Club"]
[Date "2017.03.25"]
[Round "11"]
[White "zhuzhenghai008"]
[Black "charlestehace"]
[Result "0-1"]
[ICCResult "White resigns"]
[WhiteElo "1970"]
[BlackElo "3036"]
[Opening "Catalan opening"]
[ECO "E00"]
[NIC "CA.01"]
[Time "16:10:02"]
[TimeControl "180+0"]

1. d4 Nf6 2. c4 e6 3. g3 d5 4. Nf3 Bb4+ 5. Bd2 a5 6. Bg2 O-O 7. O-O dxc4 8.
Qc2 b5 9. a4 c6 10. Bg5 Be7 11. b3 cxb3 12. Qxb3 Qb6 13. Na3 Ba6 14. Rab1 b4
15. Nc4 Bxc4 16. Qxc4 h6 17. Be3 Nd5 18. Bd2 Qa6 19. Rfc1 Qxc4 20. Rxc4 Nb6
21. Rcc1 Nxa4 22. Ne5 Ra6 23. Bh1 Rc8 24. Ra1 Nb6 25. Bxc6 f6 26. Ng6 Bd6
27. Bb5 Rxc1+ 28. Rxc1 Ra7 29. e4 Kf7 30. e5 Kxg6 31. exd6 Nd5 32. Rc8 Nd7
33. f4 a4 {White resigns} 0-1

[Event "ICCopen2017"]
[Site "Internet Chess Club"]
[Date "2017.03.25"]
[Round "11"]
[White "searchforbobby1"]
[Black "GulkovIgor"]
[Result "0-1"]
[ICCResult "White forfeits on time"]
[WhiteElo "1957"]
[BlackElo "2316"]
[Opening "Sicilian: Alapin's variation (2.c3)"]
[ECO "B22"]
[NIC "SI.47"]
[Time "16:10:03"]
[TimeControl "180+0"]

1. e4 c5 2. c3 Nf6 3. e5 Nd5 4. d4 cxd4 5. Nf3 d6 6. cxd4 Nc6 7. Bc4 Nb6 8.
Bb3 dxe5 9. d5 Na5 10. Nc3 f6 11. O-O Nxb3 12. Qxb3 g6 13. Be3 Bg7 14. Rfd1
O-O 15. d6+ e6 16. Bxb6 axb6 17. Nb5 Kh8 18. Nc7 Rb8 19. Nxe6 Bxe6 20. Qxe6
Re8 21. Qd5 Qd7 22. Rac1 Rbc8 23. h3 Rc6 24. Rxc6 bxc6 25. Qb3 b5 26. Qc3
Re6 27. Qc5 Bf8 28. h4 Rxd6 29. Rxd6 Qxd6 30. Qb6 Kg7 31. h5 Be7 32. hxg6
hxg6 33. b3 b4 34. Qb7 Kf7 35. g3 e4 36. Nh4 e3 37. Nf3 Qd5 38. Ne1 exf2+
39. Kxf2 g5 40. Nf3 Qe4 {White forfeits on time} 0-1

[Event "ICCopen2017"]
[Site "Internet Chess Club"]
[Date "2017.03.25"]
[Round "11"]
[White "Zelos"]
[Black "cool64chess"]
[Result "1/2-1/2"]
[ICCResult "Game drawn because neither player has mating material"]
[WhiteElo "2381"]
[BlackElo "2220"]
[Opening "French: Winawer (Nimzovich) variation"]
[ECO "C15"]
[NIC "FR.08"]
[Time "16:09:10"]
[TimeControl "180+0"]

1. e4 e6 2. d4 d5 3. Nc3 Bb4 4. exd5 exd5 5. Bd3 Nc6 6. a3 Bxc3+ 7. bxc3
Nge7 8. Qh5 Bf5 9. Nf3 Bxd3 10. cxd3 Qd7 11. O-O Qf5 12. Qxf5 Nxf5 13. Re1+
Kd7 14. g4 Nd6 15. Ne5+ Nxe5 16. dxe5 Nb5 17. Bd2 c6 18. f4 Rhe8 19. a4 Nc7
20. Rab1 b6 21. d4 Rab8 22. f5 a5 23. Kg2 b5 24. Kf3 bxa4 25. Ra1 Rb2 26.
Ke3 Na8 27. Reb1 Reb8 28. Rxb2 Rxb2 29. Bc1 Rxh2 30. Rb1 Kc7 31. Ba3 Rh3+
32. Kd2 Kc8 33. Bd6 Nc7 34. Rb6 Nb5 35. Rxc6+ Kd7 36. Rc5 Nxd6 37. Rxd5 a3
38. Rxd6+ Ke7 39. Ra6 a2 40. Rxa5 Rh2+ 41. Kd3 h5 42. Ra7+ Kf8 43. gxh5 Rxh5
44. Rxa2 Rxf5 45. Ke4 Rf1 46. Kd5 Rc1 47. c4 g5 48. c5 Kg7 49. c6 Kg6 50.
Kd6 Kf5 51. Rf2+ Ke4 52. d5 g4 53. c7 Rxc7 54. Kxc7 Kxd5 55. Rg2 Kxe5 56.
Rxg4 f5 57. Rg8 f4 58. Kc6 f3 59. Kc5 Ke4 60. Re8+ Kd3 61. Rf8 Ke3 62. Kc4
f2 63. Kc3 Ke2 64. Re8+ Kd1 65. Rf8 Ke1 66. Re8+ Kd1 67. Rf8 Ke1 68. Rxf2
Kxf2 {Game drawn because neither player has mating material} 1/2-1/2

[Event "ICCopen2017"]
[Site "Internet Chess Club"]
[Date "2017.03.25"]
[Round "11"]
[White "TricksOnly"]
[Black "SPARNALIQ"]
[Result "0-1"]
[ICCResult "White resigns"]
[WhiteElo "2236"]
[BlackElo "3016"]
[Opening "Four knights: Gunsberg variation"]
[ECO "C47"]
[NIC "KP.06"]
[Time "16:09:21"]
[TimeControl "180+0"]

1. e4 e5 2. Nf3 Nc6 3. Nc3 Nf6 4. a3 d6 5. d4 Bg4 6. Bb5 exd4 7. Qxd4 Bxf3
8. gxf3 a6 9. Bxc6+ bxc6 10. Rg1 g6 11. e5 dxe5 12. Qc4 Bg7 13. Qxc6+ Kf8
14. Be3 Kg8 15. Ne4 Nxe4 16. fxe4 Rb8 17. b3 h5 18. Qxa6 Kh7 19. Rd1 Qh4 20.
Qc4 Qxh2 21. Ke2 Qh4 22. Qxf7 Qxe4 23. Rd7 Qxc2+ 24. Kf1 Rhg8 25. Rxc7 Qb1+
26. Kg2 Qe4+ 27. Qf3 Qxf3+ 28. Kxf3 Rxb3 29. a4 Ra3 30. Ra7 Rc8 31. Ra6 Rf8+
32. Ke4 Rf6 33. Ra7 Rc6 34. Rd1 Rc4+ 35. Kf3 Rf4+ 36. Kg2 Rg4+ 37. Kf3 Ra2
38. Re7 e4+ 39. Rxe4 Rxe4 40. Kxe4 Rxa4+ 41. Kf3 Ra6 42. Rd7 Kg8 43. Rd8+
Bf8 44. Rd7 Rf6+ 45. Kg2 Rf7 46. Rd8 Kh7 47. Rc8 Bg7 48. Rc6 Bh6 49. Bxh6
Kxh6 50. Rb6 Kg5 51. Rc6 Rf5 52. Rc3 Re5 53. Rd3 Kf5 54. Rd4 Re4 55. Rd3
Rg4+ 56. Kf3 Rf4+ 57. Kg3 Kg5 58. Rd5+ Rf5 59. f4+ Kf6 60. Rd6+ Kf7 61. Rd7+
Ke6 62. Ra7 Rf6 63. Ra6+ Kf7 64. Ra5 Re6 65. Ra7+ Kf6 66. Ra5 Re3+ 67. Kh4
Rf3 68. Rf5+ gxf5 {White resigns} 0-1

[Event "ICCopen2017"]
[Site "Internet Chess Club"]
[Date "2017.03.25"]
[Round "11"]
[White "ShadowStorm"]
[Black "xvs"]
[Result "0-1"]
[ICCResult "White checkmated"]
[WhiteElo "1356"]
[BlackElo "1588"]
[Opening "Queen's pawn game"]
[ECO "A45"]
[NIC "QP.07"]
[Time "16:09:59"]
[TimeControl "180+0"]

1. d4 Nf6 2. e3 d5 3. f4 c5 4. Nf3 Nc6 5. c3 g6 6. Be2 Bg7 7. O-O Qb6 8. Ne5
cxd4 9. exd4 Ne4 10. Nd2 Nxe5 11. fxe5 Bxe5 12. Nxe4 dxe4 13. Qc2 f5 14. Kh1
Bf6 15. a4 O-O 16. a5 Qd6 17. b4 Be6 18. Ba3 Rac8 19. Rfc1 Bxd4 20. b5 Qd7
21. Qd1 Be3 22. Qxd7 Bxd7 23. Rc2 Bc5 24. Bb2 Be6 25. Bf1 Rfd8 26. c4 Bd4
27. Bc3 Kf7 28. h4 f4 29. h5 g5 30. Be2 g4 31. Bxd4 Rxd4 32. c5 f3 33. gxf3
gxf3 34. Bf1 e3 35. Re1 e2 36. Bxe2 fxe2 37. Rexe2 Bd5+ 38. Kg1 e6 39. Rf2+
Ke7 40. h6 Rg8+ 41. Kf1 Re4 42. Rf3 Ra4 43. Rff2 Rg6 44. Rfe2 Rxh6 45. Ke1
Rd4 46. c6 bxc6 47. bxc6 Rh1+ 48. Kf2 Rh2+ 49. Ke1 Rxe2+ 50. Kxe2 Kd8 51.
Ke3 Re4+ 52. Kd3 Kc7 53. Rc5 h5 54. a6 h4 55. Rb5 Bxc6 56. Rb7+ Bxb7 57.
axb7 Rb4 58. b8=Q+ Rxb8 59. Ke3 Rb4 60. Kf2 Kd6 61. Kg2 e5 62. Kh3 Ke6 63.
Kg2 a5 64. Kf2 a4 65. Ke2 Rb3 66. Kd2 h3 67. Kc2 h2 68. Kd2 h1=Q 69. Ke2
Qh2+ 70. Kf1 Rb1# {White checkmated} 0-1

[Event "ICCopen2017"]
[Site "Internet Chess Club"]
[Date "2017.03.25"]
[Round "11"]
[White "dhar2603"]
[Black "uggi"]
[Result "0-1"]
[ICCResult "White resigns"]
[WhiteElo "1825"]
[BlackElo "1940"]
[Opening "King's Indian: orthodox, 7...Nbd7, 8.Re1"]
[ECO "E95"]
[NIC "KI.11"]
[Time "16:09:34"]
[TimeControl "180+0"]

1. Nf3 Nf6 2. c4 g6 3. Nc3 Bg7 4. e4 d6 5. d4 O-O 6. Be2 e5 7. O-O Nbd7 8.
Re1 c6 9. h3 Qe7 10. d5 cxd5 11. cxd5 Nc5 12. Nd2 a5 13. a3 a4 14. Rb1 Bd7
15. Nc4 b5 16. Nb6 Rab8 17. Nxd7 Qxd7 18. f3 Rfc8 19. Be3 Nh5 20. Bf1 Nf4
21. Ne2 Nfd3 22. Bxc5 Nxe1 23. Qxe1 Rxc5 24. Nc3 b4 25. axb4 Rxb4 26. Ra1
Qa7 27. Kh2 Qa5 28. Qd2 h5 29. Be2 Kh7 30. Na2 Rb3 31. Qxa5 Rxa5 32. Nc3 a3
33. Bc4 Rxb2 34. Nd1 Rd2 35. Ne3 Bh6 36. Nf1 Rc2 37. Bd3 Rb2 38. Kg1 a2 39.
g3 h4 40. gxh4 Ra3 41. Be2 Bf4 42. Bd1 Rb1 {White resigns} 0-1

[Event "ICCopen2017"]
[Site "Internet Chess Club"]
[Date "2017.03.25"]
[Round "11"]
[White "ural"]
[Black "Rammstein"]
[Result "1-0"]
[ICCResult "Black forfeits on time"]
[WhiteElo "2380"]
[BlackElo "2075"]
[Opening "French: Chigorin variation"]
[ECO "C00"]
[NIC "FR.01"]
[Time "16:10:10"]
[TimeControl "180+0"]

1. e4 e6 2. Qe2 c5 3. b3 Nc6 4. Bb2 a6 5. Nf3 d6 6. d4 cxd4 7. Nxd4 Qc7 8.
Nd2 Nf6 9. O-O-O Be7 10. Nxc6 Qxc6 11. e5 dxe5 12. Qxe5 Bd7 13. Be2 Rc8 14.
c4 Qb6 15. Bf3 Bc6 16. Bxc6+ Qxc6 17. Kb1 Qc7 18. Nf3 Qxe5 19. Nxe5 Rc7 20.
f3 O-O 21. Rd2 b5 22. Rhd1 bxc4 23. Nxc4 Nd5 24. a3 Rb8 25. Ka2 h6 26. Be5
Rcb7 27. Bxb8 Rxb8 28. Rxd5 exd5 29. Rxd5 Bf6 30. b4 Re8 31. Kb3 Re2 32. Rd2
Re1 33. Ka4 Re6 34. Ka5 Kf8 35. Rd6 Re2 36. Kxa6 Rxg2 37. b5 Ke7 38. Rc6 Kd7
39. Nb6+ Ke8 40. Nd5 Bd8 41. b6 Kd7 42. Rc3 Rb2 43. Nb4 Bxb6 44. Kxb6 Rxh2
45. a4 Rb2 46. Rc4 Rb1 47. a5 Ra1 48. a6 g5 49. a7 h5 50. Na6 Rb1+ 51. Rb4
Rc1 52. Rd4+ Ke6 53. a8=Q Rb1+ 54. Nb4 Kf5 55. Qe4+ {Black forfeits on time}
1-0

[Event "ICCopen2017"]
[Site "Internet Chess Club"]
[Date "2017.03.25"]
[Round "11"]
[White "tryany1"]
[Black "iamGodskid"]
[Result "1-0"]
[ICCResult "Black resigns"]
[WhiteElo "1511"]
[BlackElo "1338"]
[Opening "Old Indian defense"]
[ECO "A42"]
[NIC "OI.07"]
[Time "16:10:44"]
[TimeControl "180+0"]

1. d4 d6 2. c4 g6 3. f4 Bg7 4. Nf3 Nf6 5. Nc3 Bg4 6. e4 O-O 7. Be2 Bxf3 8.
Bxf3 Nc6 9. e5 dxe5 10. fxe5 Ne8 11. Be3 e6 12. a3 f6 13. exf6 Nxf6 14. O-O
Qe7 15. b4 e5 16. d5 Nd4 17. Bxd4 exd4 18. Qxd4 Nh5 19. Qd2 Qf6 20. Rac1
Qb6+ 21. c5 Qa6 22. Qa2 Nf4 23. b5 Qa5 24. Qb3 Nd3 25. Rc2 Nxc5 26. Qb4 Qb6
27. Kh1 Nd3 28. Qc4 Nf2+ 29. Rcxf2 Rae8 30. d6+ Kh8 31. dxc7 Re3 32. Nd5 Qe6
33. Nxe3 Qxc4 34. Nxc4 Bd4 35. Rd2 Bb6 36. Nxb6 {Black resigns} 1-0

[Event "ICCopen2017"]
[Site "Internet Chess Club"]
[Date "2017.03.25"]
[Round "11"]
[White "KnightWalker"]
[Black "Vogel"]
[Result "0-1"]
[ICCResult "White forfeits on time"]
[WhiteElo "1411"]
[BlackElo "2196"]
[Opening "Caro-Kann: Steinitz variation"]
[ECO "B17"]
[NIC "CK.08"]
[Time "16:09:18"]
[TimeControl "180+0"]

1. e4 c6 2. d4 d5 3. Nd2 dxe4 4. Nxe4 Nd7 5. Nf3 Ngf6 6. Bd3 Nxe4 7. Bxe4
Nf6 8. Qd3 Nxe4 9. Qxe4 e6 10. O-O Be7 11. c4 O-O 12. Bf4 Re8 13. Rad1 Bf6
14. Be5 Be7 15. a3 a5 16. d5 exd5 17. cxd5 cxd5 18. Rxd5 Qb6 19. Bd4 Qg6 20.
Qxg6 hxg6 21. Re1 Be6 22. Rb5 a4 23. Rxb7 Rac8 24. h3 Rc2 25. Bc3 Bc5 26.
Bd4 Bd6 27. Rb6 Bf4 28. Bc3 Rc8 29. Nd4 Ba2 30. Nxc2 Bb3 31. Nd4 Bc4 32. Re7
Bg5 33. Reb7 Kh7 34. Rb8 Rc5 35. Rb4 Bd3 36. Rxa4 Bf6 37. Rab4 Rd5 38. a4 g5
39. a5 Be7 40. Ra4 Bc5 41. a6 Rd7 42. Rb7 Rd8 43. a7 Bxa7 44. Raxa7 Bc4 45.
Nf5 Kg6 46. Ne7+ Kh7 47. Nc6 Rc8 48. Ne5 Be6 49. Nxf7 Kg6 50. Ne5+ Kf5 51.
Kh2 Rxc3 52. bxc3 Kxe5 53. Rxg7 Kf5 54. g4+ Kf6 55. Rgc7 Bd5 56. c4 Be6 57.
c5 Ke5 58. c6 Kd6 59. Rd7+ Kxc6 {White forfeits on time} 0-1

[Event "ICCopen2017"]
[Site "Internet Chess Club"]
[Date "2017.03.25"]
[Round "11"]
[White "icewoman"]
[Black "Simba"]
[Result "1-0"]
[ICCResult "Black forfeits on time"]
[WhiteElo "1073"]
[BlackElo "1011"]
[Opening "Queen's pawn game"]
[ECO "D02"]
[NIC "QP.08"]
[Time "16:09:57"]
[TimeControl "180+0"]

1. d4 d5 2. Nf3 c6 3. e3 Bg4 4. Nbd2 Nf6 5. Bd3 e6 6. h3 Bxf3 7. Nxf3 Be7 8.
O-O O-O 9. b3 a6 10. Bb2 b5 11. a3 Nbd7 12. Ne5 Nxe5 13. dxe5 Ne8 14. f4 Bh4
15. Rf3 c5 16. g3 Be7 17. g4 d4 18. f5 exf5 19. gxf5 f6 20. h4 dxe3 21. Rxe3
fxe5 22. Rxe5 Bf6 23. Re3 Bxb2 24. Rb1 Bf6 25. h5 h6 26. Qf3 Rc8 27. Qg3 Qd4
28. Kg2 Rc7 29. Rh1 Qc3 30. Re2 Qd4 31. Re3 Re7 32. Kf2 Rxe3 33. Qxe3 Qg4
34. Qe6+ Kh8 35. Qe7 Bxe7 36. Rg1 Qf4+ 37. Kg2 Qd2+ 38. Kh1
{Black forfeits on time}
1-0

[Event "ICCopen2017"]
[Site "Internet Chess Club"]
[Date "2017.03.25"]
[Round "11"]
[White "oli2"]
[Black "EGK"]
[Result "0-1"]
[ICCResult "White forfeits on time"]
[WhiteElo "1715"]
[BlackElo "1934"]
[Opening "Scandinavian defense"]
[ECO "B01"]
[NIC "SD.03"]
[Time "16:09:13"]
[TimeControl "180+0"]

1. e4 d5 2. exd5 Nf6 3. d4 Bg4 4. Be2 Bxe2 5. Qxe2 Qxd5 6. Nf3 e6 7. c4 Qf5
8. O-O Be7 9. Nc3 O-O 10. d5 Bc5 11. dxe6 Nc6 12. Bg5 Rae8 13. Bxf6 Rxe6 14.
Be5 Nxe5 15. Nxe5 Rxe5 16. Qd1 c6 17. Ne2 Qe6 18. Ng3 Qxc4 19. Qd7 Re7 20.
Qf5 Bb6 21. b3 Qe6 22. Qf3 Rd8 23. Nf5 Red7 24. Rae1 Qf6 25. Ne7+ Kf8 26.
Qxf6 gxf6 27. Nf5 Rd2 28. a4 Re8 29. Rxe8+ Kxe8 30. g4 Rb2 31. Re1+ Kd8 32.
Rd1+ Kc7 33. Rd3 Rxf2 34. a5 Bc5 35. Kh1 Rf4 36. h3 h5 37. Nh6 hxg4 38. hxg4
Bf8 39. Nxf7 Rxg4 40. Rd8 Be7 41. Re8 Kd7 42. Rb8 Kc7 43. Re8 Re4 44. Kg2 f5
45. Kf3 Bc5 46. Rg8 Bb4 47. Ng5 Re7 48. Kf4 Bxa5 49. Kxf5 Bb4 50. Ne6+ Kd6
51. Rd8+ Rd7 52. Rb8 a5 53. Nf8 Rf7+ 54. Kg6 Rf1 55. Nh7 Kc5 56. Nf6 Kb6
{White forfeits on time}
0-1

[Event "ICCopen2017"]
[Site "Internet Chess Club"]
[Date "2017.03.25"]
[Round "11"]
[White "quixotic"]
[Black "alexander77"]
[Result "0-1"]
[ICCResult "White resigns"]
[WhiteElo "1551"]
[BlackElo "1753"]
[Opening "Queen's pawn: Charlick (Englund) gambit"]
[ECO "A40"]
[NIC "QO.17"]
[Time "16:09:58"]
[TimeControl "180+0"]

1. d4 e5 2. c4 exd4 3. Qxd4 Nc6 4. Qd1 Nf6 5. Nc3 Bb4 6. Bd2 O-O 7. a3 Be7
8. e3 d5 9. Nf3 d4 10. exd4 Nxd4 11. Nxd4 Qxd4 12. Be2 Bf5 13. O-O Rad8 14.
Be3 Qe5 15. Qb3 b6 16. Rad1 a6 17. Rxd8 Rxd8 18. h3 Bd6 19. g3 Bxh3 20. Rd1
Ne4 21. Bf4 Qe6 22. Bxd6 Rxd6 23. Bf3 Nxc3 24. Qxc3 Rxd1+ 25. Bxd1 h6 26.
Bf3 c5 27. Kh2 Bf5 28. b4 Qd6 29. Bd5 Be6 30. bxc5 Qxc5 31. Bxe6 Qxf2+ 32.
Kh3 fxe6 33. Qd3 Qf5+ 34. Qxf5 exf5 35. Kg2 Kf7 36. Kf2 Ke6 37. Ke3 Ke5 38.
a4 g5 39. Kd3 h5 40. Ke3 f4+ 41. gxf4+ gxf4+ 42. Kf3 Kf5 43. Kg2 Ke4
{White resigns}
0-1

[Event "ICCopen2017"]
[Site "Internet Chess Club"]
[Date "2017.03.25"]
[Round "11"]
[White "DropZone"]
[Black "BronStorm"]
[Result "1/2-1/2"]
[ICCResult "Game drawn by repetition"]
[WhiteElo "2130"]
[BlackElo "1881"]
[Opening "Queen's pawn game"]
[ECO "A46"]
[NIC "QP.05"]
[Time "16:09:54"]
[TimeControl "180+0"]

1. d4 Nf6 2. Nf3 e6 3. Bf4 b6 4. e3 Bb7 5. h3 Ne4 6. c4 Bb4+ 7. Nfd2 O-O 8.
a3 Bd6 9. Bxd6 cxd6 10. Nc3 Nxc3 11. bxc3 f5 12. Nf3 Nc6 13. Be2 Na5 14. O-O
Rc8 15. Qa4 Qc7 16. Qb4 Ba6 17. Nd2 d5 18. Rfe1 Bxc4 19. Nxc4 Nxc4 20. Bxc4
Qxc4 21. Qd6 Rf7 22. a4 h6 23. a5 b5 24. a6 Kh7 25. Rec1 Qc6 26. Qe5 Rf6 27.
Rcb1 d6 28. Qf4 g5 29. Qf3 Rb8 30. Qe2 Rb6 31. Ra5 Qxc3 32. Raxb5 Rxb5 33.
Qxb5 f4 34. Qe8 Rg6 35. Rb7+ Rg7 36. Rxg7+ Kxg7 37. Qe7+ Kh8 38. Qf6+ Kh7
39. Qf7+ Kh8 40. Qf8+ Kh7 41. Qf7+ Kh8 42. Qf6+ Kh7 43. Qf7+
{Game drawn by repetition}
1/2-1/2

[Event "ICCopen2017"]
[Site "Internet Chess Club"]
[Date "2017.03.25"]
[Round "11"]
[White "Palse"]
[Black "ARMCOMPOSER"]
[Result "1-0"]
[ICCResult "Black forfeits on time"]
[WhiteElo "2314"]
[BlackElo "2924"]
[Opening "Caro-Kann: classical, 6.h4"]
[ECO "B19"]
[NIC "CK.11"]
[Time "16:09:05"]
[TimeControl "180+0"]

1. e4 c6 2. d4 d5 3. Nd2 dxe4 4. Nxe4 Bf5 5. Ng3 Bg6 6. h4 h6 7. Nf3 e6 8.
Ne5 Bh7 9. Bd3 Bxd3 10. Qxd3 Nd7 11. f4 Be7 12. Nh5 Ngf6 13. Nxg7+ Kf8 14.
Nxe6+ fxe6 15. Ng6+ Kg7 16. Nxh8 Qa5+ 17. Bd2 Qf5 18. Qe2 Kxh8 19. O-O-O Rg8
20. Rde1 Nf8 21. Rh3 Qg4 22. f5 Qxg2 23. Qxg2 Rxg2 24. fxe6 h5 25. Rb3 b6
26. Rf3 Ng6 27. Bg5 Nd5 28. Bxe7 Ndxe7 29. Rf7 Rg4 30. Rd1 Rxh4 31. c4 Rg4
32. Kb1 Rg5 33. b4 h4 34. b5 h3 35. bxc6 h2 36. c7 Rg1 37. Rff1 h1=Q 38.
Rxg1 Qb7 39. d5 Qxc7 40. d6 Qxc4 41. d7 Qb4+ 42. Kc1 Qc3+ 43. Kb1 Qb4+ 44.
Kc1 Qf4+ 45. Kb1 Nc6 46. d8=Q+ Nxd8 47. Rxd8+ Kg7 48. Rd7+ Kh6 49. Rh1+ Kg5
50. Rg1+ Kh6 51. Rh1+ Nh4 52. Rd3 Qe4 53. Rh3 Kh5 54. Re3 Qh1+ 55. Kc2 Qg2+
56. Rd2 Qc6+ 57. Kd1 Nf5 58. Red3 Ne7 59. Rh2+ Kg6 60. Re2 Kf6 61. Rde3 Qd5+
62. Rd2 Qa5 63. Rf2+ Kg7 64. Rg3+ Kh6 65. Rfg2 Qh5+ 66. Ke1 Qa5+ 67. Kf2 Qb5
68. Rh2+ Qh5 69. Rxh5+ Kxh5 70. Rg5+ {Black forfeits on time} 1-0

[Event "ICCopen2017"]
[Site "Internet Chess Club"]
[Date "2017.03.25"]
[Round "11"]
[White "majerle"]
[Black "Chaos23"]
[Result "1-0"]
[ICCResult "Black forfeits on time"]
[WhiteElo "1702"]
[BlackElo "1847"]
[Opening "Sicilian: O'Kelly variation"]
[ECO "B28"]
[NIC "SI.43"]
[Time "16:09:16"]
[TimeControl "180+0"]

1. e4 c5 2. Nf3 a6 3. c3 e6 4. d4 d5 5. exd5 exd5 6. Bf4 Nc6 7. Bd3 c4 8.
Bc2 b5 9. O-O Ra7 10. a4 Re7 11. axb5 axb5 12. Na3 Qb6 13. Ne5 Nxe5 14. Bxe5
Bd7 15. Qf3 Bc6 16. Rfe1 h5 17. Bd6 Rh6 18. Bxe7 Bxe7 19. Re2 Kf8 20. Rae1
Qb8 21. Bf5 Rf6 22. Qh3 g6 23. Bd7 Qd6 24. Bxc6 Qxc6 25. Nc2 Bd6 26. Qe3 Ne7
27. g3 Kg7 28. Qd2 Nf5 29. Ne3 Nh6 30. Ra1 h4 31. Kg2 Qd7 32. h3 hxg3 33.
fxg3 Bc7 34. Rf1 Rxf1 35. Nxf1 Nf5 36. Rf2 Nd6 37. Qe3 Ne4 38. Rf4 f5 39.
Rxe4 dxe4 40. Nd2 Qd6 41. Nb1 b4 42. cxb4 Qxb4 43. Qc3 Qxc3 44. bxc3 Be5 45.
dxe5 Kf7 46. Nd2 Ke6 47. Nxc4 Kd5 48. Nd2 {Black forfeits on time} 1-0

[Event "ICCopen2017"]
[Site "Internet Chess Club"]
[Date "2017.03.25"]
[Round "11"]
[White "hedgie"]
[Black "jdimpo1"]
[Result "1-0"]
[ICCResult "Black checkmated"]
[WhiteElo "1839"]
[BlackElo "1319"]
[Opening "QGD: 4.Nf3"]
[ECO "D37"]
[NIC "QP.08"]
[Time "16:10:59"]
[TimeControl "180+0"]

1. d4 d5 2. c4 e6 3. Nf3 Nf6 4. Nc3 Nc6 5. Bf4 Bb4 6. Qb3 Bxc3+ 7. bxc3 O-O
8. cxd5 exd5 9. e3 Ne4 10. Bd3 f5 11. O-O b6 12. Rfc1 Bb7 13. c4 Na5 14. Qc2
dxc4 15. Bxc4+ Nxc4 16. Qxc4+ Bd5 17. Qxc7 Qxc7 18. Rxc7 Rfc8 19. Rac1 Rxc7
20. Rxc7 Bxa2 21. Be5 Bf7 22. Nh4 a5 23. Nxf5 a4 24. Bxg7 a3 25. Be5 a2 26.
Nh6+ Kf8 27. Rxf7+ Ke8 28. g3 a1=Q+ 29. Kg2 Ra7 30. Rf4 Ng5 31. Nf5 Nf7 32.
Bf6 Qa2 33. Re4+ Kf8 34. Bg7+ Kg8 35. Re8# {Black checkmated} 1-0

[Event "ICCopen2017"]
[Site "Internet Chess Club"]
[Date "2017.03.25"]
[Round "11"]
[White "kabindra"]
[Black "tressiag"]
[Result "1-0"]
[ICCResult "Black forfeits on time"]
[WhiteElo "1531"]
[BlackElo "1313"]
[Opening "Giuoco Piano"]
[ECO "C53"]
[NIC "IG.02"]
[Time "16:09:27"]
[TimeControl "180+0"]

1. e4 e5 2. Nf3 Nc6 3. Bc4 Bc5 4. c3 Qf6 5. d4 exd4 6. Bg5 Qg6 7. cxd4 Bb4+
8. Nc3 d6 9. O-O Bg4 10. Be3 Bxc3 11. bxc3 O-O-O 12. Be2 Qxe4 13. Qa4 Nf6
14. Ng5 Qg6 15. Bxg4+ Nxg4 16. d5 Nxe3 17. dxc6 Nxf1 18. cxb7+ Kxb7 19. Qb5+
Kc8 20. Rxf1 d5 21. h4 Qb6 22. Qxb6 axb6 23. Nxf7 Rhf8 24. Nxd8 Kxd8 25. Rd1
Kd7 26. Rd2 Kd6 27. g3 c5 28. f4 h6 29. Kf2 Re8 30. Kf3 b5 31. g4 Re1 32. f5
Rf1+ 33. Kg2 Rf4 34. Kg3 Rc4 35. Rd3 Ra4 36. Rd2 Rc4 37. Rd3 Ra4 38. g5 Rxa2
39. gxh6 gxh6 40. Re3 d4 41. cxd4 cxd4 42. Re6+ Kd5 43. Rxh6 Ra3+ 44. Kf4 b4
45. f6 Ra7 46. Rh8 Rf7 47. Kf5 b3 48. Rb8 Kc4 49. Ke6 Rxf6+ 50. Kxf6 d3 51.
Rc8+ Kb4 52. Rb8+ Kc3 53. Rc8+ Kd2 54. Rb8 Kc2 55. Rc8+ Kb2 56. h5 d2 57.
Rd8 Kc2 58. h6 d1=Q 59. Rxd1 Kxd1 60. h7 b2 61. h8=Q b1=Q 62. Qh1+
{Black forfeits on time}
1-0

[Event "ICCopen2017"]
[Site "Internet Chess Club"]
[Date "2017.03.25"]
[Round "11"]
[White "marjose"]
[Black "SneekyPete"]
[Result "1-0"]
[ICCResult "Black forfeits on time"]
[WhiteElo "1761"]
[BlackElo "1528"]
[Opening "Sicilian"]
[ECO "B50"]
[NIC "SI.01"]
[Time "16:09:10"]
[TimeControl "180+0"]

1. e4 c5 2. Nf3 d6 3. c4 Nf6 4. Nc3 a6 5. d4 cxd4 6. Nxd4 e6 7. Be2 Qc7 8.
Be3 Nc6 9. Rc1 Be7 10. O-O O-O 11. Qd2 Bd7 12. f4 Rac8 13. b3 Rfd8 14. Bf3
Be8 15. g4 Nxd4 16. Bxd4 e5 17. Be3 Bc6 18. g5 Nd7 19. f5 f6 20. Qg2 Qa5 21.
Rfd1 Nc5 22. Nd5 Bxd5 23. cxd5 Qb4 24. Rc4 Qb5 25. Rdc1 b6 26. b4 Nd3 27.
Rxc8 Nxc1 28. Rxd8+ Bxd8 29. Bxc1 Qxb4 30. Qd2 Qc5+ 31. Qe3 Qc2 32. g6 h6
33. Qd2 Qc5+ 34. Kg2 b5 35. Bb2 Bb6 36. Qc3 Qg1+ 37. Kh3 Bc5 38. Bg2 Qd1 39.
Qf3 Qa4 40. Qb3 Qa5 41. a3 Kf8 42. Qc3 Qb6 43. Bc1 a5 44. Be3 b4 45. Bxc5
Qxc5 46. Qxc5 dxc5 47. axb4 cxb4 48. Bf3 a4 49. Bd1 a3 50. Bb3
{Black forfeits on time}
1-0

[Event "ICCopen2017"]
[Site "Internet Chess Club"]
[Date "2017.03.25"]
[Round "11"]
[White "TZ700A"]
[Black "sanguine"]
[Result "1-0"]
[ICCResult "Black forfeits on time"]
[WhiteElo "1309"]
[BlackElo "1036"]
[Opening "Giuoco Piano"]
[ECO "C50"]
[NIC "IG.02"]
[Time "16:09:22"]
[TimeControl "180+0"]

1. e4 e5 2. Nf3 Nc6 3. Bc4 Bc5 4. O-O Nf6 5. Nc3 O-O 6. d3 d6 7. h3 Nd4 8.
Bg5 h6 9. Bh4 g5 10. Nxg5 Bxh3 11. gxh3 Qd7 12. Kh2 hxg5 13. Bxg5 Kg7 14.
Rg1 Rh8 15. Bxf6+ Kxf6 16. Nd5+ Ke6 17. Nb6+ Ke7 18. Nxd7 Kxd7 19. Bxf7 Raf8
20. Qg4+ Kc6 21. Bd5+ Kb6 22. Rgf1 Nf3+ 23. Kh1 Nh4 24. b4 Bd4 25. Rab1 Rf3
26. a4 a6 27. a5+ Ka7 28. b5 axb5 29. Rxb5 Bxf2 30. Rxb7+ Ka6 31. Rxf2 Rxf2
32. Qg1 {Black forfeits on time} 1-0

[Event "ICCopen2017"]
[Site "Internet Chess Club"]
[Date "2017.03.25"]
[Round "11"]
[White "RnZ"]
[Black "Falstaf"]
[Result "1-0"]
[ICCResult "Black checkmated"]
[WhiteElo "2036"]
[BlackElo "2784"]
[Opening "Mieses opening"]
[ECO "A00"]
[NIC "VO.13"]
[Time "16:09:22"]
[TimeControl "180+0"]

1. d3 Nf6 2. Nf3 g6 3. g3 d6 4. Bg2 Bg7 5. c4 O-O 6. Nc3 a5 7. O-O Nbd7 8.
h3 c6 9. Be3 Nb6 10. Qb3 Nfd7 11. d4 a4 12. Qb4 c5 13. dxc5 dxc5 14. Bxc5
Nxc5 15. Qxc5 a3 16. Rad1 Nd7 17. Qb5 axb2 18. Qxb2 Qa5 19. Nd4 e6 20. e3
Nc5 21. Rd2 Bd7 22. Rc1 Rfb8 23. Rb1 Be8 24. Ne4 Nxe4 25. Bxe4 Qc5 26. Qb6
Qxc4 27. Rc2 Qa4 28. Rb4 Qa3 29. Bxb7 Ra7 30. Qc7 Rba8 31. Rbc4 Bf8 32. Nc6
Bxc6 33. Rxc6 Re8 34. Qb6 Qa5 35. Qxa5 Rxa5 36. Rd2 Rb8 37. Rc7 Rc5 38. Rcd7
Kg7 39. a4 Rc1+ 40. Kg2 Ra1 41. Rc7 Rxa4 42. Rdd7 Ra7 43. Rxf7+ Kg8 44. Rxh7
Rd8 45. Rhf7 Re8 46. f4 Rd8 47. Rf6 Re8 48. Rxg6+ Kh8 49. Kf3 Rd8 50. Rf6
Re8 51. Rff7 Kg8 52. Kg4 e5 53. f5 Ra4+ 54. Kg5 Ra3 55. g4 Rxe3 56. h4 Rf3
57. Kh5 Rg3 58. g5 e4 59. g6 e3 60. Rh7 e2 61. Bd5+ Re6 62. Bxe6#
{Black checkmated}
1-0